Unix NetHack Version 3.7.0-119 Work-in-progress - last build Feb 11 2025 23:39:05 (2c244868c45009260f0c8b8894be58902a2cdbe7,branch:master). Game began 2025-02-15 12:51:28, ended 2025-02-15 12:58:34. RedArrow, neutral female human Tourist -.- |..< --... |... |.... --...| ----^| ..|.-|.-- -.)...|..| .%).@G...-- ---- ...--......- |..| --.....--.-- |........-- ......... -- --.......0.| --------.-- --- RedArrow the Sightseer St:11 Dx:11 Co:18 In:13 Wi:6 Ch:17 Neutral S:10394 Dlvl:3 $:434 HP:0(41) Pw:14(14) AC:5 Xp:4/91 T:754 Latest messages: D - 2 violet gems. The gnome hits! You hit the gnome. Jaeger bites the gnome. The gnome is killed! You swap places with Jaeger. You hear crashing rock. You hear crashing rock. You kill the newt! You miss the gnome. The gnome hits! You hit the gnome. The gnome misses! You hear some noises in the distance. You hit the gnome. You are hit by an arrow. The gnome misses! You miss the gnome. The gnome hits! You miss the gnome. The gnome hits! You miss the gnome. The gnome hits! You miss the gnome. You kill the gnome! You see here a gnome corpse. You are almost hit by an arrow. You are almost hit by an arrow. There is a gnome corpse here; eat it? [ynq] (n) This gnome corpse is gamey. You are hit by an arrow. You stop eating the gnome corpse. You are hit by an arrow! You see here a newt corpse. There is a partly eaten gnome corpse here; eat it? [ynq] (n) You resume your meal. You are hit by an arrow. You stop eating the gnome corpse. There is a partly eaten gnome corpse here; eat it? [ynq] (n) You resume your meal. You are hit by an arrow! You stop eating the gnome corpse. The gnome lord swings his bow. The gnome lord hits! You hit the gnome lord. You hit the gnome lord. The gnome lord swings his bow. The gnome lord hits! You die... Do you want your possessions identified? [ynq] (y) Inventory: Coins ('$') $ - 434 gold pieces Weapons (')') a - 36 +2 darts (at the ready) n - a +0 spear (weapon in right hand) Armor ('[') j - an uncursed +0 Hawaiian shirt with a palm tree motif (being worn) s - an uncursed +0 orcish chain mail (being worn) C - an uncursed +0 pair of low boots (being worn) Comestibles ('%') b - 4 uncursed blackberries c - an uncursed pancake d - 6 uncursed food rations e - 3 uncursed cram rations f - an uncursed tripe ration Scrolls ('?') h - an uncursed scroll of magic mapping Spellbooks ('+') p - an uncursed spellbook of cure sickness Potions ('!') g - an uncursed potion of extra healing o - an uncursed potion of healing r - a blessed potion of healing Rings ('=') m - an uncursed ring of protection from shape changers (on left hand) z - a cursed ring of aggravate monster A - an uncursed +1 ring of gain strength (on right hand) Tools ('(') k - an expensive camera (0:93) l - an uncursed credit card Gems/Stones ('*') D - 2 uncursed worthless pieces of violet glass RedArrow the Tourist's attributes: Background: You were a Sightseer, a level 4 female human Tourist. You were neutral, on a mission for The Lady who was opposed by Blind Io (lawful) and Offler (chaotic). You were right-handed. You were in the Gnomish Mines, on level 3. You entered the dungeon 754 turns ago. There was a full moon in effect when your adventure ended. You had 91 experience points, 69 more were needed to attain level 5. Your score was 10394 before end-of-game adjustments. Basics: You had 0 out of 41 hit points. You had all 14 energy points (spell power). Your armor class was 5. Your wallet contained 434 zorkmids. Autopickup was on for '$?/+"=!%*' plus thrown, with exceptions. Final Characteristics: Your strength was 11 (base:10, limit:18/100). Your dexterity was 11 (limit:18). Your constitution was 18 (limit:18). Your intelligence was 13 (limit:18). Your wisdom was 6 (limit:18). Your charisma was 17 (limit:18). Final Status: You weren't hungry. You were unencumbered. You were wielding a spear. You were unskilled in spear. Final Attributes: You were fervently aligned. You were warded. Your spell casting was impaired by metallic armor. You were protected from shape changers. You were lucky. You could have avoided a one-shot death via saving-grace. You are dead. Miscellaneous: You never encountered a bones level. Total elapsed playing time was 7 minutes and 6 seconds. Major events: Turn 1: RedArrow the neutral female human Tourist entered the dungeon 513: attained the rank of Sightseer (level 3) 683: entered the Gnomish Mines 754: killed by a gnome lord Vanquished creatures: a small mimic a dwarf a gas spore 4 gnomes a gecko 2 jackals 2 goblins 2 sewer rats a grid bug a lichen 4 newts 20 creatures vanquished. No species were genocided or became extinct. Voluntary challenges: You read items or engraved 7 times. You never engraved Elbereth. You never genocided any monsters. You never polymorphed an object. You never changed form. You used no wishes. Achievements: You entered a shop. You attained the rank of Sightseer. You entered the Gnomish Mines. The Dungeons of Doom: levels 1 to 3 Level 1: An altar, a sink. Level 2: Stairs down to The Gnomish Mines. Level 3: A general store, a fountain. The Gnomish Mines: Level 3: <- You were here. Final resting place for you, killed by a gnome lord. Game over: ---------- / \ / REST \ / IN \ / PEACE \ / \ | RedArrow | | 434 Au | | killed by a | | gnome lord | | | | | | 2025 | *| * * * | * _________)/\\_//(\/(/\)/\//\/|_)_______ Aloha RedArrow the Tourist... You died in The Gnomish Mines on dungeon level 3 with 494 points, and 434 pieces of gold, after 754 moves. You were level 4 with a maximum of 41 hit points when you died.